 Dungeon Crawl Stone Soup version 0.24-a0-250-g6074511 (webtiles) character file.

Game seed: 7739402368133006740

107439 Hasart the Unseen (level 17, -1/109 HPs)
             Began as a Kobold Gladiator on Apr 14, 2019.
             Was the Champion of Wu Jian.
             Slain by a frost giant
             ... wielding a +2 battleaxe of freezing
              (25 damage)
             ... on level 15 of the Dungeon.
             The game lasted 01:50:32 (36030 turns).

Hasart the Unseen (Kobold Gladiator)               Turns: 36030, Time: 01:50:33

Health: -1/109     AC: 18    Str: 15    XL:     17   Next: 1%
Magic:  22/22      EV: 20    Int: 12    God:    Wu Jian [******]
Gold:   1198       SH:  4    Dex: 25    Spells: 16/16 levels left

rFire    . . .     SeeInvis .   v - +4 lajatang (venom)
rCold    + . .     Gourm    .   (shield currently unavailable)
rNeg     . . .     Faith    .   m - +0 shadow dragon scales
rPois    .         Spirit   .   c - +1 helmet
rElec    .         Reflect  +   o - +0 cloak of Vexation {Int+3 Dex+2}
rCorr    .         Harm     .   (no gloves)
MR       +....                  (no boots)
Stlth    ++++++++..             p - +4 amulet of reflection
HPRegen  0.28/turn              l - +3 ring of dexterity
MPRegen  0.18/turn              M - ring of protection from cold

@: exhausted, hasted, very quick
A: small, carnivore, low mp 1
a: Wall Jump, Serpent's Lash, Heavenly Storm, Renounce Religion


You were on level 15 of the Dungeon.
You worshipped Wu Jian.
Wu Jian was exalted by your worship.
You were very full.

You visited 3 branches of the dungeon, and saw 23 of its levels.
You also visited: Ice Cave and Volcano.

You collected 3120 gold pieces.
You spent 1922 gold pieces at shops.

Inventory:

Hand Weapons
 v - a +4 lajatang of venom (weapon)
 y - a +2 rapier of flaming
 I - the +6 falchion "Tuuziblia" {slice, rElec Int+4 Dex-5}
   (You found it on level 2 of the Lair of Beasts)

   It inflicts extra damage upon your enemies.
   It affects your intelligence (+4).
   It affects your dexterity (-5).
   It insulates you from electricity.
Missiles
 d - 2 throwing nets (quivered)
Armour
 c - a +1 helmet (worn)
 m - +0 shadow dragon scales (worn)
 o - the +0 cloak of Vexation (worn) {Int+3 Dex+2}
   (You bought it in a shop on level 6 of the Dungeon)

   It affects your intelligence (+3).
   It affects your dexterity (+2).
 z - a +3 leather armour of magic resistance
 A - a +3 ring mail of poison resistance
 Q - a +0 troll leather armour
 X - a +1 leather armour of fire resistance
Jewellery
 l - a +3 ring of dexterity (left hand)
 p - a +4 amulet of reflection (around neck)
 J - a +2 ring of strength
 M - a ring of protection from cold (right hand)
 S - an uncursed ring of resist corrosion
 U - an uncursed ring of protection from magic
 W - an uncursed ring of positive energy
Wands
 b - a wand of digging (16)
 g - a wand of iceblast (9)
 s - a wand of enslavement (8)
 F - a wand of random effects (23)
 H - a wand of paralysis (3)
 K - a wand of flame (17)
Scrolls
 e - 14 scrolls of identify
 i - 2 scrolls of enchant weapon
 j - 5 scrolls of fog
 q - 6 scrolls of amnesia
 u - 9 scrolls of teleportation
 w - 3 scrolls of fear
 B - 2 scrolls of enchant armour
 E - 6 scrolls of magic mapping
 G - 2 scrolls of remove curse
 T - a scroll of holy word
Potions
 a - 5 potions of agility {unknown}
 h - a potion of might {unknown}
 k - 11 potions of curing
 n - 2 potions of invisibility
 r - 2 potions of lignification
 C - a potion of cancellation {unknown}
 D - 5 potions of haste
 R - a potion of brilliance {unknown}
 V - 2 potions of resistance
Miscellaneous
 x - a sack of spiders
 L - a lightning rod (4/4)
 O - a phantom mirror
Comestibles
 f - 40 rations


   Skills:
 + Level 13.4 Fighting
 - Level 14.0 Short Blades
 * Level 7.6 Staves
 - Level 2.1 Throwing
 + Level 10.5 Armour
 + Level 14.7 Dodging
 + Level 16.5 Stealth
 + Level 10.1 Evocations


You had 16 spell levels left.
You didn't know any spells.
Your spell library contained the following spells:

 Spells                   Type           Power        Failure   Level  Hunger
 Animate Skeleton         Necr           N/A          98%         1    ##.....
 Apportation              Tloc           #.....       98%         1    ##.....
 Confusing Touch          Hex            #.....       98%         1    ##.....
 Flame Tongue             Conj/Fire      #....        98%         1    ##.....
 Freeze                   Ice            #...         98%         1    ##.....
 Magic Dart               Conj           #...         98%         1    ##.....
 Pain                     Necr           #...         98%         1    ##.....
 Sandblast                Erth           #.....       98%         1    ##.....
 Summon Butterflies       Summ           #.......     98%         1    ##.....
 Summon Small Mammal      Summ           #...         98%         1    ##.....
 Blink                    Tloc           N/A          99%         2    ###....
 Call Imp                 Summ           #.......     99%         2    ###....
 Passwall                 Tmut/Erth      #.......     99%         2    ###....
 Slow                     Hex            #.......     99%         2    ###....
 Throw Frost              Conj/Ice       #.....       99%         2    ###....
 Conjure Flame            Conj/Fire      #.......     100%        3    ####...
 Lesser Beckoning         Tloc           #.........   100%        3    ####...
 Mephitic Cloud           Conj/Pois/Air  #.......     100%        3    ####...
 Ozocubu's Armour         Chrm/Ice       #.......     100%        3    ####...
 Regeneration             Chrm/Necr      #.........   100%        3    ####...
 Stone Arrow              Conj/Erth      #.....       100%        3    ####...
 Tukima's Dance           Hex            #.......     100%        3    ####...
 Vampiric Draining        Necr           #.........   100%        3    ####...
 Animate Dead             Necr           N/A          100%        4    #####..
 Cause Fear               Hex            #.........   100%        4    #####..
 Petrify                  Tmut/Erth      #.......     100%        4    #####..
 Summon Ice Beast         Ice/Summ       #.......     100%        4    #####..
 Summon Lightning Spire   Summ/Air       #.......     100%        4    #####..
 Throw Icicle             Conj/Ice       #.......     100%        4    #####..
 Alistair's Intoxication  Tmut/Pois      #.......     100%        5    ######.
 Lee's Rapid Deconstruct  Erth           #.........   100%        5    ######.
 Silence                  Hex/Air        #.........   100%        5    ######.
 Bolt of Fire             Conj/Fire      #.........   100%        6    #######
 Conjure Ball Lightning   Conj/Air       #.........   100%        6    #######
 Deflect Missiles         Chrm/Air       #.........   100%        6    #######
 Invisibility             Hex            #.......     100%        6    #######
 Dragon Form              Tmut           #.........   100%        7    #######
 Dragon's Call            Summ           #.........   100%        9    #######
 Tornado                  Air            #.........   100%        9    #######


Dungeon Overview and Level Annotations

Branches:
Dungeon (15/15)            Temple (0/1) D:6            Lair (6/6) D:8
 Shoals (0/4) Lair:3        Snake (0/4) Lair:2        Slime (0/5) Lair:6
    Orc (2/2) D:9             Elf (0/3) Orc:2        Vaults (0/5) D:13
 Depths (0/5) D:15

Altars:
Ashenzari
Cheibriados
Fedhas
Kikubaaqudgha
Nemelex Xobeh
Qazlal
Ru
Sif Muna
Trog
Uskayaw
Vehumet
Wu Jian
Zin
The Shining One

Shops:
D:6 :}[[   Orc:1 %   Orc:2 *([=

Annotations:
D:3 DEFE's ghost, amateur OpEE
D:15 exclusion: Roxanne, Roxanne
Lair:2 2 transporters, Borgoz's ghost, journeyman KoGl


Innate Abilities, Weirdness & Mutations

You are small and have problems with some larger weapons.
You are carnivorous and can eat meat at any time.
Your magical capacity is low. (-10% MP)


Message History

You feel less confused. The frost giant casts a spell at you.
The bolt of cold misses you.
You feel yourself speed up.
The frost giant hits you but does no damage.
Unknown command.
You slash the frost giant!
The frost giant looks as sick as possible!
The frost giant is heavily wounded.
You slash the frost giant!
The frost giant is heavily wounded.
The frost giant misses you.
You slash the frost giant!
The frost giant looks as sick as possible!
The frost giant is severely wounded.
You hit the frost giant but do no damage.
The frost giant looks as sick as possible!
The frost giant is severely wounded.
The frost giant hits you with a +2 battleaxe of freezing!!
You die...

#. #.# #.# #.#
#.######.#####.#####.#
#..................(.#
#..........#########.#
#..........#
#.#########
####..........#
#..........
..............#
#.#########
........############
#.#
<.......#≈≈.....@C(#
#.#
........#≈.#≈≈≈###'#
#.#
........#......#...#
#[#
........'.##≈..+.>.#
#.#
........#......#..$#
#.#
(.......#≈.#≈≈≈###+#
#.# ####....#≈≈......
#.# #....##########
#.# #..... #.#########


You could see a frost giant.

Vanquished Creatures
  Frances (D:14)
  3 orc warlords
  2 stone giants
  A white draconian (IceCv)
  Snorg (Lair:6)
  A fire dragon (D:14)
  2 ettins
  Erolcha (D:11)
  4 vault guards (D:13)
  8 hydras
  An ogre mage (Orc:2)
  5 two-headed ogres
  3 centaur warriors
  Urug (Lair:4)
  2 tengu warriors
  An orc high priest (Orc:1)
  Sonja (Lair:2)
  A skeletal warrior (D:14)
  2 unseen horrors
  A wizard (D:14)
  9 orc knights
  A wolf spider (D:15)
  An ugly thing (D:12)
  5 orc sorcerers
  2 cyclopes
  A salamander (D:11)
  5 manticores
  6 black mambas
  Joseph (D:9)
  Maurice (Orc:2)
  A centaur zombie (D:11)
  An ice statue (IceCv)
  A gargoyle (Volcano)
  3 torpor snails (Lair:1)
  28 spiny frogs
  An efreet (Volcano)
  5 yaktaurs (D:13)
  4 rime drakes
  8 komodo dragons
  A kobold demonologist (D:14)
  11 trolls
  2 tengu conjurers (D:14)
  5 tyrant leeches (Lair:6)
  2 slime creatures (Lair:6)
  Grinder (D:3)
  11 polar bears (IceCv)
  13 hippogriffs
  38 blink frogs
  4 dream sheep
  A spriggan (shapeshifter) (D:14)
  A wraith (D:15)
  50 yaks
  2 shadows
  4 wyverns
  2 fire elementals (Volcano)
  3 humans (D:13)
  6 fire bats (Volcano)
  2 hungry ghosts
  A steam dragon (D:10)
  8 vampire mosquitoes
  3 basilisks
  Menkaure (D:6)
  8 wargs
  An acid dragon (D:11)
  11 water moccasins
  9 porcupines
  6 ice beasts
  5 sky beasts
  Duvessa (D:6)
  41 orc warriors
  A necrophage (D:6)
  15 centaurs
  30 wolves
  16 ogres
  4 phantoms
  4 big kobolds
  12 crocodiles
  24 bullfrogs
  2 earth elementals (Volcano)
  A water moccasin zombie (D:7)
  Dowan (D:6)
  5 scorpions
  4 killer bees (D:9)
  5 wights
  7 howler monkeys
  7 lava snakes (Volcano)
  A bullfrog zombie (D:9)
  7 crimson imps
  4 jellies
  A quasit (D:3)
  3 hounds
  15 orc priests
  30 orc wizards
  8 centaur skeletons
  5 iguanas
  6 worker ants
  A hound skeleton (D:5)
  3 gnolls (D:3)
  12 adders
  2 shadow imps
  A white imp (D:3)
  2 oozes
  3 adder skeletons
  2 worms (D:2)
  2 dart slugs (D:2)
  6 leopard geckos
  96 orcs
  9 bats
  2 bat zombies (D:4)
  10 giant cockroaches
  13 goblins
  6 hobgoblins
  16 jackals
  4 quokkas
  2 ball pythons
  7 frilled lizards
  A jackal skeleton (D:4)
  2 jackal zombies
  42 kobolds
  2 leopard gecko skeletons (D:4)
  A quokka zombie (D:9)
  7 rats
  3 rat zombies (D:4)
855 creatures vanquished.

Vanquished Creatures (collateral kills)
  A yak (IceCv)
  A wolf (IceCv)
  An orc (Orc:1)
3 creatures vanquished.

Vanquished Creatures (others)
  A vault guard (D:13)
  An orc sorcerer (Orc:1)
  2 spiny frogs (Lair:6)
  6 polar bears (IceCv)
  A human (D:13)
  2 yaks (IceCv)
  A vampire mosquito (Lair:6)
  4 wolves (IceCv)
  A kobold (D:3)
  33 fungi
  42 plants
94 creatures vanquished.

Grand Total: 952 creatures vanquished

Notes
Turn   | Place    | Note
-------+----------+-------------------------------------------
     0 | D:1      | Hasart the Kobold Gladiator began the quest for the Orb.
     0 | D:1      | Reached XP level 1. HP: 12/12 MP: 1/1
    91 | D:1      | Reached XP level 2. HP: 17/18 MP: 2/2
   217 | D:1      | Reached skill level 1 in Stealth
   441 | D:1      | Reached XP level 3. HP: 17/22 MP: 3/3
   960 | D:2      | Reached XP level 4. HP: 18/27 MP: 4/4
  1073 | D:2      | Found a glowing silver altar of Zin.
  1094 | D:2      | Reached skill level 1 in Armour
  1188 | D:2      | Reached skill level 5 in Short Blades
  1199 | D:2      | Found a sacrificial altar of Ru.
  1700 | D:2      | Found a snail-covered altar of Cheibriados.
  1700 | D:2      | Found an ornate altar of the Wu Jian Council.
  1704 | D:2      | Became a worshipper of the Wu Jian Council
  1724 | D:2      | Reached skill level 2 in Stealth
  1747 | D:2      | Found a deep blue altar of Sif Muna.
  2090 | D:3      | Found a transporter.
  2105 | D:3      | Noticed DEFE's ghost (amateur OpEE)
  2151 | D:3      | Reached * piety under Wu Jian
  2151 | D:3      | Reached XP level 5. HP: 29/32 MP: 5/5
  2505 | D:3      | Found a transporter.
  2674 | D:3      | Reached XP level 6. HP: 37/37 MP: 6/6
  2696 | D:3      | Reached skill level 3 in Stealth
  2875 | D:3      | Noticed Grinder
  2886 | D:3      | Killed Grinder
  2886 | D:3      | Reached skill level 5 in Dodging
  2886 | D:3      | Reached XP level 7. HP: 42/42 MP: 7/7
  3500 | D:4      | Reached ** piety under Wu Jian
  3525 | D:4      | Reached skill level 4 in Stealth
  3765 | D:4      | Reached XP level 8. HP: 35/48 MP: 8/8
  4341 | D:4      | Found an ancient bone altar of Kikubaaqudgha.
  4509 | D:5      | Entered Level 5 of the Dungeon
  4611 | D:5      | Reached skill level 5 in Stealth
  4775 | D:5      | Reached skill level 5 in Fighting
  4820 | D:5      | Reached XP level 9. HP: 54/54 MP: 9/9
  5002 | D:5      | Reached skill level 6 in Stealth
  5009 | D:5      | Reached *** piety under Wu Jian
  5379 | D:5      | Found a bloodstained altar of Trog.
  5460 | D:5      | Found a shattered altar of Ashenzari.
  5463 | D:5      | Found a sparkling altar of Nemelex Xobeh.
  5687 | D:6      | Found a staircase to the Ecumenical Temple.
  5733 | D:6      | Noticed Duvessa
  5733 | D:6      | Noticed Dowan
  5736 | D:6      | Killed Duvessa
  5736 | D:6      | Reached skill level 10 in Short Blades
  5740 | D:6      | Killed Dowan
  5804 | D:6      | Found a stormy altar of Qazlal.
  5808 | D:6      | Found Piwyl's Armour Shoppe.
  5830 | D:6      | Found Ocrasto's Gadget Shop.
  5860 | D:6      | Found a glowing silver altar of Zin.
  5935 | D:6      | Bought a +3 ring mail of poison resistance for 276 gold
                  | pieces
  5938 | D:6      | Reached skill level 7 in Stealth
  5943 | D:6      | Found Yget's Antique Armour Shop.
  6119 | D:6      | Noticed Menkaure
  6127 | D:6      | Killed Menkaure
  6297 | D:6      | Found Festroin's Book Shop.
  6759 | D:7      | Noticed a manticore
  6803 | D:7      | Killed a manticore
  6803 | D:7      | Reached XP level 10. HP: 36/61 MP: 10/10
  7267 | D:7      | Found a hide-covered altar of Uskayaw.
  7353 | D:7      | Reached skill level 8 in Stealth
  7628 | D:8      | Reached **** piety under Wu Jian
  7675 | D:8      | Found a staircase to the Lair.
  7926 | D:8      | Found a radiant altar of Vehumet.
  8680 | D:8      | Found a glowing golden altar of the Shining One.
  8802 | D:8      | Reached skill level 5 in Armour
  9400 | D:9      | Reached skill level 9 in Stealth
  9400 | D:9      | Reached XP level 11. HP: 56/67 MP: 11/11
  9631 | D:9      | Found a staircase to the Orcish Mines.
 10440 | D:9      | Reached ***** piety under Wu Jian
 10751 | D:9      | Found a stormy altar of Qazlal.
 10759 | D:9      | Noticed Joseph
 10783 | D:9      | Killed Joseph
 11047 | D:9      | Found a deep blue altar of Sif Muna.
 11376 | D:10     | Entered Level 10 of the Dungeon
 11509 | D:10     | Reached skill level 10 in Stealth
 12163 | D:11     | Noticed Erolcha
 12169 | D:11     | Killed Erolcha
 12169 | D:11     | Reached skill level 10 in Dodging
 12169 | D:11     | Reached XP level 12. HP: 75/75 MP: 12/12
 12233 | D:11     | Noticed a two-headed ogre
 12249 | D:11     | Killed a two-headed ogre
 12476 | D:6      | Bought a heavily runed cloak for 237 gold pieces
 12486 | D:6      | Identified the +0 cloak of Vexation {Int+3 Dex+2} (You
                  | bought it in a shop on level 6 of the Dungeon)
 12586 | Lair:1   | Entered Level 1 of the Lair of Beasts
 12624 | Lair:1   | Reached skill level 11 in Stealth
 12706 | Lair:1   | Found a snail-covered altar of Cheibriados.
 13035 | Lair:1   | Noticed a four-headed hydra
 13063 | Lair:1   | Killed a four-headed hydra
 13342 | Lair:1   | You fall through a shaft!
 13398 | Lair:2   | Got a warped falchion
 13418 | Lair:2   | Identified the +6 falchion "Tuuziblia" {slice, rElec Int+4
                  | Dex-5} (You found it on level 2 of the Lair of Beasts)
 13618 | Lair:2   | Found a frozen archway.
 13631 | IceCv    | Entered an ice cave
 15028 | IceCv    | Reached skill level 12 in Stealth
 15135 | IceCv    | Reached XP level 13. HP: 70/82 MP: 13/13
 15258 | IceCv    | Reached skill level 10 in Fighting
 15693 | IceCv    | Noticed a white draconian
 15720 | IceCv    | Killed a white draconian
 15771 | IceCv    | Reached skill level 1 in Evocations
 15784 | IceCv    | HP: 4/83 [polar bear (15)]
 16515 | Lair:2   | Noticed a six-headed hydra
 16521 | Lair:2   | Killed a six-headed hydra
 16521 | Lair:2   | Reached skill level 13 in Stealth
 16525 | Lair:2   | Found a transporter.
 16526 | Lair:2   | Found a transporter.
 16552 | Lair:2   | Noticed Borgoz's ghost (journeyman KoGl)
 16854 | Lair:2   | Found a staircase to the Snake Pit.
 17183 | Lair:2   | Noticed Sonja
 17188 | Lair:2   | Killed Sonja
 17484 | Lair:3   | Found a staircase to the Shoals.
 19146 | Lair:4   | Noticed Urug
 19153 | Lair:4   | Killed Urug
 19153 | Lair:4   | Reached XP level 14. HP: 67/90 MP: 17/17
 19415 | Lair:4   | Reached skill level 5 in Evocations
 19872 | Lair:5   | Reached skill level 14 in Stealth
 21094 | Lair:6   | Entered Level 6 of the Lair of Beasts
 21152 | Lair:6   | Found a staircase to the Slime Pits.
 21952 | Lair:6   | Reached ****** piety under Wu Jian
 22977 | Lair:6   | Reached XP level 15. HP: 68/96 MP: 20/20
 23068 | Lair:6   | Noticed Snorg
 23094 | Lair:6   | Killed Snorg
 23119 | Lair:6   | Reached skill level 1 in Staves
 23526 | Lair:6   | Reached skill level 15 in Stealth
 24662 | Orc:1    | Entered Level 1 of the Orcish Mines
 24662 | Orc:1    | Noticed an orc warlord
 27565 | D:9      | Killed an orc warlord
 28513 | Orc:1    | Paralysed by an orc sorcerer for 5 turns
 28514 | Orc:1    | Gained mutation: Your magical capacity is low. (-10% MP) [a
                  | neqoxec]
 28952 | Orc:1    | Found Amif's Food Shop.
 28953 | Orc:1    | Found Jemumeub's Antique Weapon Boutique.
 29142 | Orc:2    | Entered Level 2 of the Orcish Mines
 29145 | Orc:2    | Noticed an orc warlord
 29178 | Orc:1    | Killed an orc warlord
 29499 | Orc:2    | Reached skill level 10 in Armour
 29546 | Orc:2    | Found a dark tunnel.
 29553 | Orc:2    | Noticed Maurice
 29558 | Volcano  | Entered a volcano
 29937 | Volcano  | Reached skill level 5 in Staves
 30011 | Volcano  | Noticed a stone giant
 30016 | Volcano  | Found a bloodstained altar of Trog.
 30409 | Volcano  | Killed a stone giant
 30409 | Volcano  | Reached XP level 16. HP: 83/103 MP: 20/20
 30715 | Orc:2    | Killed Maurice
 31457 | Orc:2    | Found Tiblu's Antique Weapon Shoppe.
 32120 | Orc:2    | Found Opnohof's Jewellery Shoppe.
 32133 | Orc:2    | Found a staircase to the Elven Halls.
 32238 | Orc:2    | Reached skill level 16 in Stealth
 32499 | Orc:2    | Bought a glowing lajatang for 594 gold pieces
 32506 | Orc:2    | Found Feenecsa's General Store.
 32514 | Orc:2    | Bought 2 potions of invisibility for 208 gold pieces
 32514 | Orc:2    | Bought a scroll of identify for 26 gold pieces
 32514 | Orc:2    | Bought a scroll of fog for 26 gold pieces
 32653 | Orc:2    | Found Fawafafa's Antique Armour Shop.
 32667 | Orc:2    | Bought a faintly humming scale mail for 270 gold pieces
 32667 | Orc:2    | Bought a spiked cloak for 285 gold pieces
 32667 | Orc:2    | Identified the +2 scale mail of Plasticity {+Fly MR- Regen+
                  | Stlth+} (You bought it in a shop on level 2 of the Orcish
                  | Mines)
 32668 | Orc:2    | Identified the +0 cloak of Impermeability {rF+ rCorr Dex-3}
                  | (You bought it in a shop on level 2 of the Orcish Mines)
 33622 | D:13     | Found a gate to the Vaults.
 34783 | D:14     | Noticed Frances
 34803 | D:14     | Killed Frances
 34803 | D:14     | Reached skill level 10 in Evocations
 35208 | D:14     | Found a blossoming altar of Fedhas.
 35486 | D:15     | Entered Level 15 of the Dungeon
 35488 | D:15     | Identified Roxanne's Guide on Transformation
 35488 | D:15     | Noticed Roxanne
 35780 | D:15     | Reached XP level 17. HP: 82/109 MP: 22/22
 36008 | D:15     | Found a staircase to the Depths.
 36012 | D:15     | HP: 2/109 [frost giant/+2 battleaxe of freezing (15)]
 36030 | D:15     | Slain by a frost giant

Levels and vault maps discovered:
D:1:      nicolae_arrival_memento_mori, layout_basic
D:2:      layout_rooms, nicolae_ru_sacrificial_ziggurat, lemuel_blue_sif_altar,
          zin_statuary, gammafunk_temple_overflow_wave, serial_aquarium,
          aquarium_bridge_square [aquarium_subvault_window,
          aquarium_subvault_bridge, aquarium_subvault_wall,
          aquarium_subvault_bridge], aquarium_bridge_straight
          [aquarium_subvault_bridge, aquarium_subvault_window,
          aquarium_subvault_bridge, aquarium_subvault_balcony],
          aquarium_window_fake, aquarium_window_1, aquarium_window_1,
          aquarium_window_fake, aquarium_view_2d, aquarium_balcony_5b,
          minmay_joined_circles
D:3:      layout_basic, gammafunk_ghost_stat_death, uniq_grinder
D:4:      layout_loops_corners, lemuel_zombie_altar_kikubaaqudgha
D:5:      kennysheep_kobold_camp, layout_loops_ring,
          nicolae_overflow_hidden_temple, lightli_temple_of_fire, first_ration,
          grunt_ministairs_12
D:6:      wander_river, layout_loops_ring, minmay_temple_entry_mini_moons,
          serial_shops, nicolae_shop_competitors_out_of_business, shop, shop,
          shop, basic_altar, nicolae_ossuary_entry_monument,
          nicolae_qazlal_general_emergency, uniq_duvessa, uniq_menkaure
D:7:      layout_basic, lemuel_round_altar
D:8:      layout_basic, kennysheep_mini_moat, vehumet_altar_wand_db,
          lair_entry_dummy
D:9:      kennysheep_orc_sif_temple, layout_long_grid, hiddenorc2_lemuel,
          basic_altar, uniq_joseph
D:10:     layout_long_grid
D:11:     layout_basic, uniq_erolcha
D:12:     layout_stronghold
D:13:     layout_basic, ximxim_vaults_locker_room
D:14:     evilmike_diamond_2, layout_basic, fedhas_altar_2, uniq_frances
D:15:     grunt_enter_depths_snipers, layout_small_grid, uniq_roxanne
Lair:1:   layout_roguey, nicolae_lair_grove_arrangements,
          kennysheep_snail_temple
Lair:2:   layout_regular_city, dummy_snake_entry, portal_ice_cave_rime,
          gammafunk_ghost_hive, grunt_megastairs_3, uniq_sonja
Lair:3:   layout_gridlike, minmay_shoals_entry_centaurs
Lair:4:   layout_loops_ring, uniq_urug
Lair:5:   layout_loops_ring, guppyfry_lair_drakes, infiniplex_staircase_pool_2,
          lemuel_fruit_tree
Lair:6:   minmay_lair_end_frog_pond, layout_gridlike,
          minmay_slime_entry_pillars, chequers_serial_rivers_small_b,
          grunt_megastairs_4, uniq_snorg
Orc:1:    layout_caves, guppyfry_orc_lava_fort
Orc:2:    grunt_orc_gardens, layout_diamond_mine, grunt_orc_garden,
          grunt_orc_garden, grunt_orc_garden, grunt_orc_garden,
          nicolae_volcano_entry_two_sided, uniq_maurice
IceCv:    ice_cave_caverns_02
Volcano:  volcano_grotto [vgs_many_chambers]

Skill      XL: |  1  2  3  4  5  6  7  8  9 10 11 12 13 14 15 16 |
---------------+-------------------------------------------------+-----
Stealth        | 1 2 3 4 5 7 9 10 12 13 14 15 16 | 16.5
Dodging        | 4 5 6 7 8 10 11 12 13 14 | 14.7
Armour         | 1 2 3 4 5 6 7 8 9 10 | 10.5
Short Blades   | 5 6 7 9 10 12 13 14 | 14.0
Fighting       | 3 4 5 6 7 8 9 11 12 13 | 13.4
Evocations     | 4 7 8 10 | 10.1
Staves         | 5 7 |  7.6
Throwing       | |  2.1

Action                   |  1- 3 |  4- 6 |  7- 9 | 10-12 | 13-15 | 16-18 || total
-------------------------+-------+-------+-------+-------+-------+-------++-------
Melee: Rapier            |    95 |   196 |   420 |   977 |  1976 |   442 ||  4106
       Unarmed           |       |     2 |       |       |       |       ||     2
       Lajatang          |       |       |       |       |       |   336 ||   336
Throw: Throwing net      |       |       |       |       |       |     1 ||     1
Invok: Lunge             |       |    16 |    35 |    90 |   123 |    65 ||   329
       Whirlwind         |       |     5 |    38 |   144 |   166 |   128 ||   481
       Serpent's Lash    |       |       |       |     1 |     2 |     1 ||     4
       Heavenly Storm    |       |       |       |       |     1 |     1 ||     2
 Abil: Wall Jump         |       |       |       |     7 |    44 |     2 ||    53
Evoke: Wand              |       |       |     5 |    33 |    67 |     9 ||   114
       Lightning rod     |       |       |       |       |     4 |     5 ||     9
  Use: Scroll            |       |     6 |       |     7 |     5 |     4 ||    22
       Potion            |       |       |     6 |       |     1 |     5 ||    12
 Stab: Sleeping          |     2 |     6 |    22 |    49 |    55 |    18 ||   152
       Distracted        |       |       |       |     6 |    17 |     3 ||    26
       Paralysed         |       |       |       |       |     5 |       ||     5
       Confused          |       |       |       |       |     2 |     1 ||     3
       Invisible         |       |       |       |       |       |     1 ||     1
  Eat: Chunk             |     9 |     6 |    12 |    31 |    47 |    20 ||   125
Armor: Leather armour    |    20 |    35 |    85 |       |       |     9 ||   149
       Shadow dragon sca |       |       |    47 |   194 |   403 |   139 ||   783
       Skin              |       |       |    37 |       |       |       ||    37
Dodge: Dodged            |    71 |   145 |   329 |   313 |   979 |   549 ||  2386
Block: Other             |       |    23 |    77 |    76 |   200 |    99 ||   475
       Reflection        |       |     3 |       |       |     2 |     6 ||    11

Table legend:
 A = Non-vault XP
 B = Vault XP
 C = Vault XP percentage of total XP
 D = Non-vault monster count
 E = Vault monster count
 F = Vault count percentage of total count
                 A         B        C        D         E       F
            +---------+---------+-------+---------+---------+-------
      Total |   84169 |   69316 |  45.2 |     562 |     295 |  34.4
            +---------+---------+-------+---------+---------+-------
        D:1 |      40 |       0 |   0.0 |      24 |       0 |   0.0
        D:2 |      59 |      27 |  31.4 |      23 |      12 |  34.3
        D:3 |     222 |     343 |  60.7 |      32 |       4 |  11.1
        D:4 |     507 |       7 |   1.4 |      25 |       5 |  16.7
        D:5 |    1061 |     324 |  23.4 |      17 |      23 |  57.5
        D:6 |     808 |     383 |  32.2 |      13 |       3 |  18.8
        D:7 |    1532 |       0 |   0.0 |      13 |       0 |   0.0
        D:8 |    2301 |     130 |   5.3 |      35 |       3 |   7.9
        D:9 |    5641 |    1240 |  18.0 |      53 |      36 |  40.4
       D:10 |    3454 |       0 |   0.0 |      18 |       0 |   0.0
       D:11 |    4722 |    1048 |  18.2 |      33 |       1 |   2.9
       D:12 |    2528 |       0 |   0.0 |      20 |       0 |   0.0
       D:13 |    7117 |    4528 |  38.9 |      24 |       7 |  22.6
       D:14 |    6460 |   11780 |  64.6 |      35 |      22 |  38.6
       D:15 |    1996 |     534 |  21.1 |       4 |       1 |  20.0
     Lair:1 |    3833 |    1202 |  23.9 |      11 |       3 |  21.4
     Lair:2 |    4045 |    2289 |  36.1 |      15 |       7 |  31.8
     Lair:3 |    4827 |     220 |   4.4 |      25 |       2 |   7.4
     Lair:4 |    6842 |     871 |  11.3 |      20 |       1 |   4.8
     Lair:5 |    8415 |    2221 |  20.9 |      34 |      10 |  22.7
     Lair:6 |    7254 |   14015 |  65.9 |      31 |      50 |  61.7
      Orc:1 |    6413 |    6009 |  48.4 |      31 |      22 |  41.5
      Orc:2 |    4092 |    8130 |  66.5 |      26 |      20 |  43.5
      IceCv |       0 |    9763 | 100.0 |       0 |      43 | 100.0
    Volcano |       0 |    4252 | 100.0 |       0 |      20 | 100.0
            +---------+---------+-------+---------+---------+-------
